 Dungeon Crawl Stone Soup version 0.23-a0-370-gf497b7c (webtiles) character file.

26497 Garbasso the Destroyer (level 13, -14/101 HPs)
             Began as a Human Venom Mage on Oct 24, 2018.
             Was a High Priest of Vehumet.
             Killed from afar by a smoke demon (20 damage)
             ... with a ball of steam
             ... on level 3 of the Abyss.
             The game lasted 01:28:25 (20993 turns).

Garbasso the Destroyer (Human Venom Mage)          Turns: 20993, Time: 01:28:26

Health: -14/101    AC: 12    Str:  9    XL:     13   Next: 58%
Magic:  29/34      EV: 16    Int: 21    God:    Vehumet [*****.]
Gold:   1187       SH:  6    Dex: 13    Spells: 3/28 levels left

rFire    . . .     SeeInvis .   a - +2 whip (elec)
rCold    . . .     Gourm    .   G - +0 buckler
rNeg     . . .     Faith    .   J - +0 troll leather armour
rPois    .         Spirit   .   h - +0 helmet
rElec    .         Reflect  .   e - +2 cloak
rCorr    .         Harm     .   i - +1 pair of gloves
MR       .....                  D - +1 pair of boots
Stlth    ++........             y - amulet of the acrobat
HPRegen  0.66/turn              K - ring of magical power
MPRegen  0.24/turn              o - ring of wizardry

@: very slightly contaminated
A: no striking features
a: Renounce Religion


You were on level 3 of the Abyss.
You worshipped Vehumet.
Vehumet was extremely pleased with you.
You were not hungry.

You visited 2 branches of the dungeon, and saw 14 of its levels.
You visited the Abyss 1 time.

You collected 1215 gold pieces.
You spent 28 gold pieces at shops.

Inventory:

Hand Weapons
 a - a +2 whip of electrocution (weapon)
Missiles
 A - 2 throwing nets (quivered) {=f}
Armour
 e - a +2 cloak (worn)
 h - a +0 helmet (worn)
 i - a +1 pair of gloves (worn)
 n - a +0 shield
 D - a +1 pair of boots (worn)
 G - a +0 buckler (worn)
 J - a +0 troll leather armour (worn)
 R - the +1 ring mail of Contentment {rF+ Str+4}
   (You found it on level 4 of the Lair of Beasts)

   It affects your strength (+4).
   It protects you from fire.
Magical Staves
 s - an uncursed staff of cold
 P - an uncursed staff of fire
Jewellery
 l - an uncursed ring of flight
 o - a ring of wizardry (right hand)
 y - an amulet of the acrobat (around neck)
 K - a ring of magical power (left hand)
 N - an uncursed ring of protection from cold {unknown}
Wands
 b - a wand of flame (44)
 m - a wand of iceblast (14)
 v - a wand of paralysis (24)
 x - a wand of digging (10)
 z - a wand of disintegration (2)
 H - a wand of polymorph (17)
 I - a wand of random effects (33)
Scrolls
 f - 3 scrolls of enchant weapon
 g - 4 scrolls of fear
 j - 11 scrolls of remove curse
 t - a scroll of torment
 u - 4 scrolls of fog
 E - 3 scrolls of enchant armour
 O - a scroll of identify
Potions
 d - 3 potions of mutation
 p - a potion of curing
 q - 2 potions of lignification
 r - 3 potions of brilliance
 C - 2 potions of agility
 F - a potion of berserk rage
 M - a potion of flight
Comestibles
 c - 15 rations


   Skills:
 + Level 9.4 Fighting
 + Level 8.8 Dodging
 - Level 2.0 Stealth
 * Level 9.1 Shields
 - Level 8.1 Spellcasting
 + Level 11.1 Conjurations
 - Level 8.2 Poison Magic


You had 3 spell levels left.
You knew the following spells:

 Your Spells              Type           Power        Failure   Level  Hunger
a - Poison Arrow          Conj/Pois      #####.....   4%          6    ######.
b - Poisonous Vapours     Pois/Air       ####..       1%          2    None
c - Mephitic Cloud        Conj/Pois/Air  #####...     1%          3    None
d - Olgreb's Toxic Radia  Pois           #####...     1%          4    ###....
e - Venom Bolt            Conj/Pois      #####.....   1%          5    #####..
f - Blink                 Tloc           N/A          7%          2    None
g - Ignite Poison         Fire/Tmut/Pois ###.....     1%          3    None

Your spell library contained the following spells:

 Spells                   Type           Power        Failure   Level  Hunger
 Magic Dart               Conj           ####         1%          1    None
 Sting                    Conj/Pois      ####         1%          1    None
 Conjure Flame            Conj/Fire      ####....     1%          3    None
 Animate Skeleton         Necr           N/A          4%          1    None
 Apportation              Tloc           #.....       4%          1    None
 Confusing Touch          Hex            #.....       4%          1    None
 Summon Small Mammal      Summ           #...         4%          1    None
 Call Imp                 Summ           #.......     7%          2    None
 Slow                     Hex            #.......     7%          2    None
 Yara's Violent Unravell  Hex/Tmut       #.........   30%         5    #####..
 Cause Fear               Hex            #.........   38%         4    ###....
 Silence                  Hex/Air        #.........   73%         5    #####..
 Deflect Missiles         Chrm/Air       #.........   99%         6    ######.
 Haunt                    Necr/Summ      #.........   100%        7    #######
 Borgnjor's Revivificati  Necr           #.........   100%        8    #######
 Death's Door             Chrm/Necr      #.........   100%        8    #######
 Discord                  Hex            #.........   100%        8    #######
 Infestation              Necr           #.........   100%        8    #######
 Necromutation            Tmut/Necr      #.........   100%        8    #######


Dungeon Overview and Level Annotations

Branches:
Dungeon (10/15)            Temple (0/1) D:6            Lair (4/6) D:10
    Orc (0/2) D:9
  Swamp: Lair:2-4    Shoals: Lair:2-4     Snake: Lair:2-4    Spider: Lair:2-4

Altars:
Hepliaklqana
Qazlal
Vehumet

Shops:
D:5 *

Annotations:
D:4 exclusion: statue
D:10 Fannar
Lair:3 exclusion: oklob plant
Lair:4 Sonja


Message History

The hog barely misses you. The hog bites you.
* * * LOW HITPOINT WARNING * * *
The ufetubus closely misses you. x2
The ynoxinul gestures.
The ufetubus completely misses you. The ufetubus misses you.
The smoke demon gestures at you. Something smites you!
* * * LOW HITPOINT WARNING * * *
The ufetubus disappears in a puff of smoke! x2
The ufetubus misses you. x2; The hog completely misses you.
Throwing (i - inventory)
A - 2 throwing nets (quivered)
{=f}
Press: ? - help, Shift-Dir - straight line, f - you
Okay, then.
As you read the scroll of fog, it crumbles to dust.
The scroll dissolves into smoke.
You block the ufetubus's attack. The ufetubus misses you.
The hog barely misses you. You block the ufetubus's attack.
The ufetubus closely misses you. The smoke demon gestures at you.
The ball of steam hits you!
You die...

.. . . ..... . ...#.
##.#.... ## .#.#
##......# . #. .....
#. ...# . ##.##..
........#... #..§..
#.... .... #§§§## #
..... .
#.#@3#######........
#§§h55.3.55......# .
#..55§..#5..5.......
#...§...............
##.#.######.### ##.
##### ## #..# # # ##
##


You could see a smoke demon, a hog, a ynoxinul and 7 ufetubi.

Vanquished Creatures
  A hydra (Lair:4)
  2 two-headed ogres
  Pikel (D:8)
  An ugly thing (D:9)
  A guardian serpent (Abyss:3)
  Joseph (D:8)
  4 black mambas
  A gargoyle (D:10)
  2 molten gargoyles (Lair:3)
  Maurice (D:8)
  8 spiny frogs
  2 komodo dragons
  A tormentor (Abyss:3)
  2 ancient zymes (Abyss:3)
  2 trolls (D:10)
  A queen bee (D:8)
  3 meliai (Abyss:3)
  2 polar bears (Lair:3)
  A raiju (Abyss:3)
  Prince Ribbit (D:8)
  5 blink frogs (Lair:4)
  2 hippogriffs
  31 yaks
  3 basilisks
  2 wyverns
  A ynoxinul (Abyss:3)
  A steam dragon (D:10)
  8 water moccasins
  7 porcupines
  4 orc warriors
  A slave (D:8)
  2 ice beasts
  2 necrophages
  7 ogres
  An eye of draining (D:10)
  2 sky beasts
  4 centaurs
  10 crocodiles
  A big kobold (D:10)
  2 small abominations (Abyss:3)
  14 bullfrogs
  A scorpion (D:5)
  8 wights
  15 killer bees
  A bullfrog zombie (D:10)
  2 crimson imps
  5 lava snakes (Lair:3)
  3 centaur skeletons (D:10)
  A bullfrog skeleton (D:9)
  7 hounds
  2 gnoll shamans
  2 jellies
  8 orc priests
  13 orc wizards
  6 iguanas
  12 worker ants
  A hound zombie (D:7)
  2 worker ant zombies
  A howler monkey zombie (D:7)
  15 gnolls
  3 howler monkey skeletons
  7 adders
  2 shadow imps (D:9)
  A white imp (Abyss:3)
  An ooze (D:4)
  2 adder zombies
  2 worms (D:3)
  A dart slug (D:3)
  2 leopard geckos (D:3)
  67 orcs
  5 giant cockroaches
  6 goblins
  11 hobgoblins
  16 jackals
  A quokka (D:9)
  2 ball pythons
  3 bats (D:2)
  6 frilled lizards
  10 kobolds
  4 rats
405 creatures vanquished.

Vanquished Creatures (others)
  A yak (D:10)
  3 slaves (D:8)
  An orc wizard (D:8)
  An orc (D:8)
  4 bushes (D:10)
  5 fungi
  2 lurking horrors (Abyss:3)
  30 plants
  8 starspawn tentacles (Abyss:3)
55 creatures vanquished.

Grand Total: 460 creatures vanquished

Notes
Turn   | Place    | Note
-------+----------+-------------------------------------------
     0 | D:1      | Garbasso the Human Venom Mage began the quest for the Orb.
     0 | D:1      | Reached XP level 1. HP: 13/13 MP: 3/3
   234 | D:1      | Reached XP level 2. HP: 20/20 MP: 1/5
   281 | D:1      | Learned a level 2 spell: Poisonous Vapours
  1050 | D:2      | Reached XP level 3. HP: 16/25 MP: 6/6
  1157 | D:2      | Learned a level 3 spell: Mephitic Cloud
  1311 | D:2      | Reached skill level 1 in Fighting
  1311 | D:2      | Reached XP level 4. HP: 22/32 MP: 4/7
  2039 | D:2      | Reached skill level 2 in Conjurations
  2780 | D:3      | Reached XP level 5. HP: 38/38 MP: 1/8
  3824 | D:4      | Noticed an ogre
  3850 | D:4      | Killed an ogre
  3850 | D:4      | Reached skill level 5 in Poison Magic
  3850 | D:4      | Reached XP level 6. HP: 46/46 MP: 2/9
  3967 | D:3      | Reached skill level 3 in Conjurations
  4311 | D:4      | Learned a level 4 spell: Olgreb's Toxic Radiance
  4574 | D:4      | Reached XP level 7. HP: 41/51 MP: 2/11
  5338 | D:4      | Found a radiant altar of Vehumet.
  5344 | D:4      | Became a worshipper of Vehumet
  5861 | D:5      | Entered Level 5 of the Dungeon
  6219 | D:5      | Reached XP level 8. HP: 58/58 MP: 3/13
  6510 | D:5      | Reached skill level 4 in Conjurations
  6734 | D:5      | Found Amasee's Assorted Antiques.
  6743 | D:5      | Bought a scroll labeled ILAT NUKURUO for 28 gold pieces
  6861 | D:5      | Reached * piety under Vehumet
  6861 | D:5      | Offered knowledge of Freeze by Vehumet.
  7035 | D:4      | Learned a level 5 spell: Venom Bolt
  7736 | D:6      | Reached XP level 9. HP: 59/65 MP: 13/15
  8271 | D:6      | Reached skill level 5 in Conjurations
  8636 | D:6      | You fall through a shaft for 2 floors!
  8649 | D:8      | Noticed Joseph
  8649 | D:8      | Noticed a two-headed ogre
  8658 | D:8      | Noticed Maurice
  8681 | D:8      | Killed Maurice
  8681 | D:8      | Reached skill level 5 in Fighting
  8848 | D:7      | Reached skill level 5 in Spellcasting
  8917 | D:7      | Reached skill level 6 in Conjurations
  8921 | D:7      | Offered knowledge of Shock by Vehumet.
  8924 | D:7      | Reached XP level 10. HP: 40/76 MP: 6/17
  8936 | D:7      | Reached ** piety under Vehumet
  9126 | D:7      | Reached skill level 7 in Conjurations
  9601 | D:6      | Found a hazy altar of Hepliaklqana.
  9783 | D:6      | Learned a level 1 spell: Shock
  9793 | D:6      | Found a staircase to the Ecumenical Temple.
 10113 | D:8      | Killed a two-headed ogre
 10455 | D:9      | Noticed a two-headed ogre
 10624 | D:9      | Reached skill level 8 in Conjurations
 11658 | D:9      | Killed a two-headed ogre
 11934 | D:9      | Noticed a cyan ugly thing
 12095 | D:10     | Entered Level 10 of the Dungeon
 12120 | D:10     | Found a stormy altar of Qazlal.
 12179 | D:10     | Noticed Fannar
 12233 | D:10     | Reached XP level 11. HP: 20/86 MP: 0/19
 12252 | D:10     | Reached skill level 1 in Shields
 12256 | D:10     | Offered knowledge of Throw Flame by Vehumet.
 13130 | D:10     | Learned a level 2 spell: Throw Flame
 13187 | D:10     | Reached skill level 5 in Dodging
 13238 | D:10     | Reached *** piety under Vehumet
 13747 | D:10     | Found a staircase to the Lair.
 13765 | D:10     | Reached skill level 9 in Conjurations
 13874 | D:10     | Learned a level 2 spell: Blink
 14017 | D:10     | Offered knowledge of Static Discharge by Vehumet.
 14966 | D:9      | Reached **** piety under Vehumet
 15050 | D:9      | Offered knowledge of Ignite Poison by Vehumet.
 15055 | D:9      | Learned a level 3 spell: Ignite Poison
 15094 | D:9      | Found a staircase to the Orcish Mines.
 15492 | D:9      | Killed a brown ugly thing
 15645 | D:9      | Reached skill level 5 in Shields
 15879 | D:8      | Killed Joseph
 15879 | D:8      | Reached XP level 12. HP: 93/93 MP: 5/22
 15960 | D:8      | Noticed Prince Ribbit
 15962 | D:8      | Noticed Pikel
 15967 | D:8      | Killed Prince Ribbit
 15967 | D:8      | Killed Pikel
 16817 | Lair:1   | Entered Level 1 of the Lair of Beasts
 16847 | Lair:1   | Reached skill level 10 in Conjurations
 16911 | Lair:1   | Reached ***** piety under Vehumet
 16911 | Lair:1   | Offered knowledge of Poison Arrow by Vehumet.
 16920 | Lair:1   | Learned a level 6 spell: Poison Arrow
 18876 | Lair:3   | Reached XP level 13. HP: 99/99 MP: 23/25
 20019 | Lair:4   | Identified the +1 ring mail of Contentment {rF+ Str+4} (You
                  | found it on level 4 of the Lair of Beasts)
 20112 | Lair:4   | Noticed a seven-headed hydra
 20118 | Lair:4   | Killed a seven-headed hydra
 20177 | Lair:4   | Noticed Sonja
 20320 | Lair:4   | Reached skill level 11 in Conjurations
 20332 | Lair:4   | Cast into level 2 of the Abyss (Sonja)
 20368 | Abyss:3  | Noticed a tentacled starspawn
 20422 | Abyss:3  | Noticed a tentacled monstrosity
 20507 | Abyss:3  | Noticed a rakshasa
 20548 | Abyss:3  | Noticed a starcursed mass
 20551 | Abyss:3  | Noticed a Hell Sentinel
 20596 | Abyss:3  | Noticed an Executioner
 20613 | Abyss:3  | Found a corrupted altar of Lugonu.
 20615 | Abyss:3  | Noticed a green very ugly thing
 20879 | Abyss:3  | Noticed a great orb of eyes
 20908 | Abyss:3  | Noticed a yellow draconian
 20939 | Abyss:3  | Noticed a tentacled starspawn
 20991 | Abyss:3  | HP: 5/101 [smoke demon/divine providence (15)]
 20993 | Abyss:3  | Killed from afar by a smoke demon

Vault maps used:
D:1:      elethiomel_arrival_infinity_welcomes_careful_drivers
D:3:      kennysheep_generic_room_8
D:4:      minmay_diamond_boxcup, vehumet_statue, first_ration, dk_noncrumbling_4
D:5:      serial_glass, glass_columns_b, glass_columns_a, glass_columns_b,
          glass_columns_c, glass_columns_a, glass_columns_a, glass_columns_a,
          glass_columns_c, serial_shops, nicolae_shop_behind_doors,
          chequers_serial_rivers_large_b, chequers_serial_rivers_marsh,
          zaba_anthole
D:6:      temple_hall, basic_altar, grunt_ministairs_9
D:7:      lightli_orcish_oven
D:8:      nicolae_looking_at_the_future, uniq_maurice, uniq_pikel, uniq_joseph,
          uniq_prince_ribbit1
D:9:      hiddenorc2_lemuel
D:10:     minmay_lair_entry_grove, grunt_qazlal_sundering, uniq_fannar
Lair:3:   cheibrodos_magma_flow, minmay_lair_oklob_chamber
Lair:4:   nicolae_swamp_entry_splash_gauntlet, spider_nest_entry_a,
          grunt_megastairs_3, uniq_sonja
Abyss:2:  evilmike_abyss_exit_plants
Abyss:3:  minivault_23, serial_sigils_hangedman_snap

Skill      XL: |  1  2  3  4  5  6  7  8  9 10 11 12 13 |
---------------+----------------------------------------+-----
Fighting       | 1 2 3 4 6 8 9 |  9.4
Poison Magic   | 4 5 6 7 8 |  8.2
Conjurations   | 2 3 4 6 8 9 10 11 | 11.1
Spellcasting   | 3 4 5 7 8 |  8.1
Dodging        | 4 6 7 8 |  8.8
Shields        | 5 7 9 |  9.1
Stealth        | |  2.0

Action                   |  1- 3 |  4- 6 |  7- 9 | 10-12 | 13-15 || total
-------------------------+-------+-------+-------+-------+-------++-------
Melee: Dagger            |    30 |    42 |   251 |   173 |       ||   496
       Rapier            |     3 |    71 |       |       |       ||    74
       Whip              |       |       |       |   181 |   105 ||   286
 Cast: Sting             |     8 |    12 |    10 |       |       ||    30
       Poisonous Vapours |    14 |    43 |    45 |    86 |    14 ||   202
       Mephitic Cloud    |       |     3 |    13 |    31 |     3 ||    50
       Olgreb's Toxic Ra |       |     1 |    24 |    45 |    10 ||    80
       Venom Bolt        |       |       |     9 |    48 |     1 ||    58
       Shock             |       |       |       |    18 |       ||    18
       Throw Flame       |       |       |       |    46 |       ||    46
       Ignite Poison     |       |       |       |    18 |    14 ||    32
       Blink             |       |       |       |     6 |       ||     6
       Poison Arrow      |       |       |       |    21 |    46 ||    67
Evoke: Wand              |       |       |    10 |     9 |    16 ||    35
  Use: Scroll            |       |     6 |     8 |    15 |     5 ||    34
       Potion            |       |       |       |     3 |    10 ||    13
 Stab: Sleeping          |       |       |     3 |       |       ||     3
       Confused          |       |       |     5 |     1 |       ||     6
       Distracted        |       |       |       |       |     1 ||     1
  Eat: Chunk             |     2 |     9 |    21 |    34 |     6 ||    72
       Ration            |       |     1 |     1 |     8 |     6 ||    16
Armor: Robe              |    11 |    35 |    52 |    46 |       ||   144
       Troll leather arm |       |       |       |    69 |    48 ||   117
Dodge: Dodged            |    23 |    81 |   195 |   327 |   199 ||   825
Block: Buckler           |       |       |       |    62 |    61 ||   123

Table legend:
 A = Non-vault XP
 B = Vault XP
 C = Vault XP percentage of total XP
 D = Non-vault monster count
 E = Vault monster count
 F = Vault count percentage of total count
                 A         B        C        D         E       F
            +---------+---------+-------+---------+---------+-------
      Total |   29516 |    8337 |  22.0 |     313 |      92 |  22.7
            +---------+---------+-------+---------+---------+-------
        D:1 |      24 |       0 |   0.0 |      15 |       0 |   0.0
        D:2 |      82 |       0 |   0.0 |      19 |       0 |   0.0
        D:3 |     139 |      36 |  20.6 |      28 |       2 |   6.7
        D:4 |     551 |      80 |  12.7 |      20 |       3 |  13.0
        D:5 |     880 |     104 |  10.6 |      20 |       3 |  13.0
        D:6 |     612 |      33 |   5.1 |      20 |       1 |   4.8
        D:7 |    2264 |     151 |   6.3 |      34 |       6 |  15.0
        D:8 |    1639 |    2628 |  61.6 |      19 |      14 |  42.4
        D:9 |    3393 |     488 |  12.6 |      23 |      32 |  58.2
       D:10 |    3930 |    1530 |  28.0 |      47 |      12 |  20.3
     Lair:1 |    4554 |       0 |   0.0 |      22 |       0 |   0.0
     Lair:2 |    3219 |       0 |   0.0 |      13 |       0 |   0.0
     Lair:3 |    2499 |    1554 |  38.3 |      12 |       9 |  42.9
     Lair:4 |    3569 |     518 |  12.7 |      12 |       2 |  14.3
    Abyss:3 |    2161 |    1215 |  36.0 |       9 |       8 |  47.1
            +---------+---------+-------+---------+---------+-------
